 Dungeon Crawl Stone Soup version 0.30-a0-618-gd6c86c23d0 (webtiles) character file.

Game seed: 4983554627777452879

1093 themarg the Insei (level 8, 0/60 HPs)
             Began as a Gnoll Transmuter on Jan 9, 2023.
             Was an Initiate of Gozag.
             Succumbed to a scorpion's poison
             ... on level 5 of the Dungeon.
             The game lasted 00:10:17 (4965 turns).

themarg the Insei (Gnoll Transmuter)                Turns: 4965, Time: 00:10:17

Health: 0/60       AC:  2    Str:  9    XL:     8   Next: 31%
Magic:  10/17      EV: 23    Int: 14    God:    Gozag
Gold:   918        SH:  0    Dex: 19    Spells: 13/19 levels left

rFire   . . .      SeeInvis .      - Unarmed
rCold   . . .      Faith    .    (shield currently unavailable)
rNeg    . . .      Spirit   .    (body armour currently unavailable)
rPois   x          Reflect  .    (helmet currently unavailable)
rElec   .          Harm     .    (cloak currently unavailable)
rCorr   .          Rampage  .    (gloves currently unavailable)
Will    .....                    (boots currently unavailable)
Stlth   +++                      (no amulet)
HPRegen 0.30/turn                (no ring)
MPRegen 0.15/turn                (no ring)

@: lethally poisoned (0 -> -40), spider-form, gold aura, very slightly
contaminated
A: venomous fangs, tiny, (fangs 1), strong nose, distributed training
a: End Transformation, Renounce Religion, Potion Petition, Call Merchant, Bribe
Branch


You were on level 5 of the Dungeon.
You worshipped Gozag.
Gozag was pleased with you.
You were a venomous arachnid creature.
You visited 1 branch of the dungeon, and saw 5 of its levels.
You also visited: Sewer.

You collected 987 gold pieces.
You paid 69 gold pieces to Gozag.

Inventory:

Missiles
 d - 33 stones
 p - 5 atropa-tipped darts
 x - a throwing net
 D - 6 poisoned darts
Armour
 a - a +0 robe (melded)
 l - a +1 pair of gloves (melded)
 o - the +3 leather armour of Gius {Fly Int+5}
   (You found it on level 2 of the Dungeon)

   Int:       It affects your intelligence (+5).
   Fly:       It grants you flight.
 q - a +0 buckler
 I - a +0 pair of boots
Wands
 c - a wand of flame (25)
 H - a wand of charming (3)
Scrolls
 g - 2 scrolls of enchant weapon {unknown}
 i - a scroll of fog
 j - a scroll of immolation {unknown}
 n - a scroll of poison {unknown}
 r - 4 scrolls of teleportation {unknown}
 s - 2 scrolls of fear {unknown}
 t - a scroll of silence {unknown}
 w - 3 scrolls of identify {unknown}
 y - 3 scrolls of magic mapping {unknown}
 z - a scroll of vulnerability {unknown}
 B - a scroll of blinking {unknown}
 C - 2 scrolls of enchant armour {unknown}
 F - a scroll of noise {unknown}
Potions
 b - a potion of lignification
 e - 2 potions of magic {unknown}
 f - a potion of ambrosia {unknown}
 h - 2 potions of heal wounds {unknown}
 k - 2 potions of flight {unknown}
 m - 2 potions of attraction {unknown}
 u - 4 potions of curing {unknown}
 v - a potion of mutation {unknown}
 A - a potion of might {unknown}
 E - a potion of resistance {unknown}
 G - a potion of brilliance {unknown}


   Skills:
 + Level 4.2 Fighting
 + Level 3.3 Short Blades
 + Level 3.3 Long Blades
 + Level 3.3 Axes
 + Level 3.3 Maces & Flails
 + Level 3.3 Polearms
 + Level 3.3 Staves
 + Level 3.3 Ranged Weapons
 + Level 3.3 Throwing
 + Level 3.3 Armour
 + Level 5.7 Dodging
 + Level 3.3 Stealth
 + Level 3.3 Shields
 + Level 7.4 Unarmed Combat
 + Level 6.0 Spellcasting
 + Level 2.6 Conjurations
 + Level 2.6 Hexes
 + Level 2.6 Summonings
 + Level 2.6 Necromancy
 + Level 2.6 Translocations
 + Level 4.7 Transmutations
 + Level 2.6 Fire Magic
 + Level 2.6 Ice Magic
 + Level 2.6 Air Magic
 + Level 2.6 Earth Magic
 + Level 2.6 Poison Magic
 + Level 3.6 Invocations
 + Level 3.3 Evocations


You had 13 spell levels left.
You knew the following spells:

 Your Spells              Type           Power      Damage    Failure   Level
a - Beastly Appendage     Tmut           34%        N/A       9%          1
b - Wereblood             Tmut           17%        N/A       12%         2
c - Spider Form           Tmut/Pois      14%        N/A       26%         3

Your spell library contained the following spells:

 Spells                   Type           Power      Damage    Failure   Level
 Ensorcelled Hibernation  Hex/Ice        22%        N/A       21%         2
 Sublimation of Blood     Necr           11%        N/A       21%         2
 Call Canine Familiar     Summ           11%        N/A       34%         3
 Portal Projectile        Hex/Tloc       22%        N/A       34%         3
 Ice Form                 Ice/Tmut       14%        N/A       56%         4
 Petrify                  Tmut/Erth      14%        N/A       56%         4
 Anguish                  Hex/Necr       5%         N/A       67%         4
 Leda's Liquefaction      Hex/Erth       5%         N/A       67%         4
 Irradiate                Conj/Tmut      7%         3d14      85%         5


Dungeon Overview and Level Annotations

Branches:
Dungeon (5/15)              Sewer (visited)
 Temple: D:4-7

Altars:
Dithmenos
Elyvilon
Gozag
Hepliaklqana
Nemelex Xobeh
Ru
Vehumet
Zin

Annotations:
D:3 exclusion: statue
D:4 3 exclusions
D:5 Blork the orc


Innate Abilities, Weirdness & Mutations

You are a venomous arachnid creature.
You have venomous fangs.
You are tiny and dextrous.
Your spellcasting is less reliable in this form.
Your armour is entirely melded.
You are incapable of wielding weapons or throwing items.
((You have very sharp teeth.))
Your uncanny sense of smell can sniff out nearby items.
Your experience applies equally to all skills.


Message History

The gnoll bouda looks as sick as possible!
The gnoll bouda is almost dead.
The gnoll hits you with a +0 spear.
You hit the gnoll bouda.
You feel a bit better.
You kill the gnoll bouda!
The gnoll misses you. The scorpion attacks as you move away!
The scorpion stings you.
You are poisoned.
The scorpion poisons you!
You feel very sick. The gnoll closely misses you.
Things that are here:
5 gold pieces; a +0 whip You bite the scorpion!
The scorpion is severely wounded.
Your transformation has ended.
Your +1 pair of gloves unmelds from your body.
Your +0 robe unmelds from your body.
You feel very sick. The scorpion barely misses you. The gnoll misses you.
You miscast Spider Form.
You are very lightly contaminated with residual magic.
Nothing appears to happen.
Your primal bloodlust has ended.
You feel very sick. The scorpion barely misses you.
The gnoll barely misses you.
You turn into a venomous arachnid creature.
Your +1 pair of gloves melds into your body.
Your +0 robe melds into your body.
You feel very sick. The scorpion stings you.
* * * LOW HITPOINT WARNING * * *
The gnoll completely misses you. The scorpion stings you.
* * * LOW HITPOINT WARNING * * *
You are more poisoned.
The scorpion poisons you!
You hit the scorpion.
The scorpion is poisoned.
The scorpion is almost dead.
You die...
Your body crumbles into a pile of gold.

#.###.###.....##.#.##...####'##
#.# #.##.........#.###### #....
#.# #.##.####.####.# #.... #.#
#.##.# #.# #.########.... #.#
#.##.####.# #.#..........! #.#
#.##......## #.#...o...#+## #.#
#..........# #.'....^...... #.#
##########.# ###...........
##.######## #s# ...........
#.........# #s# ...........
#########.# #gg......##.......
#.# #l.......# ....... #.#
#........# #....## #.#
#........# ###.. ####'###
#........ #.. #.[....#
#........ # #......# #........


You could see a scorpion (very poisoned), an iguana and 2 gnolls.

Vanquished Creatures
  Grinder (D:3)
  A water moccasin (Sewer)
  2 necrophages (D:5)
  3 scorpions (D:5)
  2 jellies (D:5)
  A gnoll bouda (D:5)
  4 hounds
  2 orc priests (D:4)
  An orc wizard (D:4)
  6 adders
  10 gnolls
  3 worms
  A dart slug (D:4)
  An orc (D:4)
  7 bats
  8 endoplasms
  4 goblins
  9 hobgoblins
  A jackal (Sewer)
  6 kobolds
  3 quokkas
  6 ball pythons
  2 frilled lizards
  2 rats (D:1)
86 creatures vanquished.

Notes
Turn   | Place    | Note
-------+----------+-------------------------------------------
     0 | D:1      | themarg the Gnoll Transmuter began the quest for the Orb.
     0 | D:1      | Reached XP level 1. HP: 17/17 MP: 6/6
   165 | D:1      | Reached XP level 2. HP: 23/23 MP: 5/7
   168 | D:1      | Learned a level 2 spell: Wereblood
   853 | D:2      | Reached skill level 5 in Spellcasting
   853 | D:2      | Reached XP level 3. HP: 28/28 MP: 7/9
   857 | D:2      | Learned a level 3 spell: Spider Form
   911 | D:2      | Identified the +3 leather armour of Gius {Fly Int+5}
  1313 | D:2      | Reached skill level 1 in Invocations
  1823 | D:3      | Found a white marble altar of Elyvilon.
  1896 | D:3      | Found a shadowy altar of Dithmenos.
  1918 | D:3      | Found a radiant altar of Vehumet.
  1918 | D:3      | Noticed a frost-covered statue
  2122 | D:3      | Noticed Grinder
  2128 | D:3      | Paralysed by Grinder for 2 turns
  2135 | D:3      | Paralysed by Grinder for 4 turns
  2146 | D:3      | Killed Grinder
  2147 | D:3      | Reached skill level 1 in Short Blades
  2147 | D:3      | Reached skill level 1 in Long Blades
  2147 | D:3      | Reached skill level 1 in Axes
  2147 | D:3      | Reached skill level 1 in Maces & Flails
  2147 | D:3      | Reached skill level 1 in Polearms
  2147 | D:3      | Reached skill level 1 in Staves
  2147 | D:3      | Reached skill level 1 in Ranged Weapons
  2147 | D:3      | Reached skill level 1 in Throwing
  2147 | D:3      | Reached skill level 1 in Armour
  2147 | D:3      | Reached skill level 1 in Stealth
  2147 | D:3      | Reached skill level 1 in Shields
  2147 | D:3      | Reached skill level 1 in Conjurations
  2147 | D:3      | Reached skill level 1 in Hexes
  2147 | D:3      | Reached skill level 1 in Summonings
  2147 | D:3      | Reached skill level 1 in Necromancy
  2147 | D:3      | Reached skill level 1 in Translocations
  2147 | D:3      | Reached skill level 1 in Fire Magic
  2147 | D:3      | Reached skill level 1 in Ice Magic
  2147 | D:3      | Reached skill level 1 in Air Magic
  2147 | D:3      | Reached skill level 1 in Earth Magic
  2147 | D:3      | Reached skill level 1 in Poison Magic
  2147 | D:3      | Reached skill level 1 in Evocations
  2147 | D:3      | Reached XP level 4. HP: 35/35 MP: 11/11
  2147 | D:3      | Reached XP level 5. HP: 41/41 MP: 12/12
  2147 | D:3      | Reached XP level 6. HP: 47/47 MP: 13/13
  2281 | D:3      | Found a hazy altar of Hepliaklqana.
  2418 | D:3      | Reached skill level 5 in Dodging
  2882 | D:4      | Identified a scroll of acquirement
  2938 | D:4      | Found a glowing drain.
  2953 | Sewer    | Entered a sewer
  3019 | Sewer    | Noticed a water moccasin
  3026 | Sewer    | Killed a water moccasin
  3171 | D:4      | Reached skill level 7 in Unarmed Combat
  3171 | D:4      | Reached XP level 7. HP: 23/52 MP: 10/15
  3694 | D:4      | Found an opulent altar of Gozag.
  3695 | D:4      | Found a sparkling altar of Nemelex Xobeh.
  3700 | D:4      | Became a worshipper of Gozag Ym Sagoz the Greedy
  3701 | D:4      | Acquired 612 gold pieces
  4112 | D:4      | Found a glowing silver altar of Zin.
  4159 | D:5      | Entered Level 5 of the Dungeon
  4436 | D:5      | Reached XP level 8. HP: 60/60 MP: 12/16
  4518 | D:5      | Noticed Blork the orc
  4701 | D:5      | Found a sacrificial altar of Ru.
  4965 | D:5      | Succumbed to a scorpion's poison

Illustrated notes

Levels and vault maps discovered:
D:1:      ebering_trefoil_3fold, layout_basic
D:2:      layout_loops_corners, chequers_avenue, chequers_mini_garden
D:3:      layout_basic, vehumet_statue, mainiacjoe_overflow_alcove_1,
          mainiacjoe_overflow_tiny_flanked, mainiacjoe_overflow_small_starburst,
          uniq_grinder
D:4:      layout_loops_ring, grunt_temple_overflow_opulence, zin_scriptorium,
          cheibrodos_sewer_entry_sluice
D:5:      layout_basic, kennysheep_mini, mainiacjoe_overflow_brackets,
          kennysheep_generic_room_3, uniq_blork_the_orc

Skill      XL: |  1  2  3  4  5  6  7  8 |
---------------+-------------------------+-----
Spellcasting   | 5 6 |  6.0
Invocations    | 2 3 |  3.6
Fighting       | 3 4 |  4.2
Short Blades   | 1 2 3 |  3.3
Long Blades    | 1 2 3 |  3.3
Axes           | 1 2 3 |  3.3
Maces & Flails | 1 2 3 |  3.3
Polearms       | 1 2 3 |  3.3
Staves         | 1 2 3 |  3.3
Ranged Weapons | 1 2 3 |  3.3
Throwing       | 1 2 3 |  3.3
Armour         | 1 2 3 |  3.3
Stealth        | 1 2 3 |  3.3
Shields        | 1 2 3 |  3.3
Conjurations   | 1 2 |  2.6
Hexes          | 1 2 |  2.6
Summonings     | 1 2 |  2.6
Necromancy     | 1 2 |  2.6
Translocations | 1 2 |  2.6
Transmutations | 4 |  4.7
Fire Magic     | 1 2 |  2.6
Ice Magic      | 1 2 |  2.6
Air Magic      | 1 2 |  2.6
Earth Magic    | 1 2 |  2.6
Poison Magic   | 1 2 |  2.6
Evocations     | 1 2 3 |  3.3
Dodging        | 5 |  5.7
Unarmed Combat | 7 |  7.4

Action                   |  1- 3 |  4- 6 |  7- 9 || total
-------------------------+-------+-------+-------++-------
Melee: Unarmed           |    86 |    45 |   118 ||   249
       Bite              |     3 |     1 |       ||     4
       Kick              |     7 |     3 |       ||    10
       Headbutt          |     5 |       |       ||     5
       Punch             |     1 |       |       ||     1
 Cast: Beastly Appendage |    22 |     3 |       ||    25
       Spider Form       |     2 |    10 |    22 ||    34
       Wereblood         |     1 |     2 |     2 ||     5
  Use: Potion            |     1 |       |       ||     1
       Scroll            |       |     1 |     1 ||     2
 Stab: Sleeping          |     1 |     3 |     2 ||     6
       Distracted        |       |       |     1 ||     1
Armor: Robe              |    13 |     1 |       ||    14
       Skin              |     8 |     1 |     1 ||    10
Dodge: Dodged            |    52 |    37 |   116 ||   205

Table legend: (Time is in decaauts)
 A = Elapsed time spent in this place.
 B = Non-inter-level travel time spent in this place.
 C = Inter-level travel time spent in this place.
 D = Time resting spent in this place.
 E = Time spent auto-exploring this place.
 F = Levels seen in this place.
 G = Mean time per level.
                   A        B        C        D        E       F      G
               +--------+--------+--------+--------+--------+-----+--------+
         Total |   4946 |   4824 |    122 |      0 |   4037 |   6 |  824.3 |
       Dungeon |   4798 |   4676 |    122 |      0 |   3974 |   5 |  959.6 |
         Sewer |    147 |    147 |      0 |      0 |     63 |   1 |  147.0 |
               +--------+--------+--------+--------+--------+-----+--------+

Top non-repeatable levels by time:
     D:4: 1135 daAuts
     D:3: 1052 daAuts
     D:2: 1027 daAuts
     D:5: 795 daAuts
     D:1: 788 daAuts
   Sewer: 147 daAuts
